 Dungeon Crawl Stone Soup version 0.29-a0-22-gbf593b16ee (webtiles) character file.

Game seed: 12012746031783711936

156 inmateoo the Digger (level 5, -1/37 HPs)
             Began as a Gnoll Earth Elementalist on Jan 30, 2022.
             Slain by a kobold (2 damage)
             ... on level 2 of the Dungeon.
             The game lasted 00:02:42 (2204 turns).

inmateoo the Digger (Gnoll Earth Elementalist)      Turns: 2204, Time: 00:02:43

Health: -1/37      AC:  2    Str:  8    XL:     5   Next: 37%
Magic:  12/12      EV: 17    Int: 16    God:
Gold:   105        SH:  0    Dex: 12    Spells: 8/14 levels left

rFire   . . .      SeeInvis .   j - +0 hand axe (vamp)
rCold   . . .      Faith    .   (no shield)
rNeg    . . .      Spirit   .   b - +0 robe
rPois   .          Reflect  .   (no helmet)
rElec   .          Harm     .   (no cloak)
rCorr   .          Rampage  .   (no gloves)
Will    .....                   (no boots)
Stlth   +++.......              (no amulet)
HPRegen 0.12/turn               d - +4 ring of evasion
MPRegen 0.13/turn               (no ring)

@: slowed, very slow
A: fangs 1, strong nose, distributed training
a: no special abilities


You were on level 2 of the Dungeon.
You visited 1 branch of the dungeon, and saw 3 of its levels.

You collected 105 gold pieces.

Inventory:

Hand Weapons
 j - a +0 vampiric hand axe (weapon)
Missiles
 c - 99 stones
Armour
 b - a +0 robe (worn)
Jewellery
 d - a +4 ring of evasion (left hand)
Potions
 a - 2 potions of heal wounds
 e - 2 potions of haste {unknown}
 f - a potion of attraction {unknown}
 g - a potion of magic {unknown}
 h - a potion of degeneration {unknown}
 i - a potion of brilliance {unknown}
 k - a potion of curing {unknown}


   Skills:
 + Level 1.4 Fighting
 + Level 1.4 Short Blades
 + Level 1.4 Long Blades
 + Level 1.4 Axes
 + Level 1.4 Maces & Flails
 + Level 1.4 Polearms
 + Level 1.4 Staves
 + Level 1.4 Slings
 + Level 1.4 Bows
 + Level 1.4 Crossbows
 + Level 1.4 Throwing
 + Level 1.4 Armour
 + Level 4.8 Dodging
 + Level 4.4 Stealth
 + Level 1.4 Shields
 + Level 1.4 Unarmed Combat
 + Level 5.2 Spellcasting
 + Level 1.1 Conjurations
 + Level 1.1 Hexes
 + Level 1.1 Summonings
 + Level 1.1 Necromancy
 + Level 1.1 Translocations
 + Level 2.4 Transmutations
 + Level 1.1 Fire Magic
 + Level 1.1 Ice Magic
 + Level 1.1 Air Magic
 + Level 5.5 Earth Magic
 + Level 1.1 Poison Magic
 + Level 1.6 Invocations
 + Level 1.4 Evocations


You had 8 spell levels left.
You knew the following spells:

 Your Spells              Type           Power      Damage    Failure   Level
a - Sandblast             Erth           42%        2d11      1%          1
b - Passwall              Tmut/Erth      13%        N/A       4%          2
c - Stone Arrow           Conj/Erth      28%        3d8       11%         3

Your spell library contained the following spells:

 Spells                   Type           Power      Damage    Failure   Level
 Petrify                  Tmut/Erth      16%        N/A       28%         4


Dungeon Overview and Level Annotations

Branches:
Dungeon (3/15)

Altars:
Dithmenos

Annotations:
D:2 1 runed translucent door, Crazy Yiuf, Sigmund


Innate Abilities, Weirdness & Mutations

You have very sharp teeth.
Your uncanny sense of smell can sniff out nearby items.
Your experience applies equally to all skills.


Message History

Aim: Natasha (severely wounded, 76% to hit)
The blast of sand hits Natasha!
You kill Natasha!
Natasha screams in pain as she dies!
The goblin shoots a stone.
The stone closely misses you.
You hit the kobold but do no damage. The kobold hits you with a +0 dagger.
The kobold misses you.
You miss the kobold. The kobold hits you with a +0 dagger.
The kobold misses you.
You hit the kobold but do no damage.
A kobold comes into view.
It is wielding the +8 woodcutter's axe {vorpal}.
The kobold hits you but does no damage. The kobold misses you.
The kobold moves out of view.
You hit the kobold.
You feel better.
You kill the kobold!
The goblin shoots a stone.
The stone hits you but does no damage.
The goblin shoots a stone.
The stone completely misses you.
The goblin unwields a +0 hunting sling.
The goblin wields a +0 club.
The goblin hits you but does no damage. The goblin closely misses you.
Items here: ( ) †††.
You completely miss the goblin. You bite the goblin.
The goblin is moderately wounded.
The goblin hits you but does no damage.
You hit the goblin.
You feel better.
The goblin is heavily wounded.
The goblin barely misses you. The goblin completely misses you.
You hit the goblin.
You feel better.
You punch the goblin.
You kill the goblin!
The kobold shouts!
You hit the kobold.
You feel better.
You bite the kobold, but do no damage.
The kobold is moderately wounded.
The kobold barely misses you. The kobold completely misses you.
You hit the kobold but do no damage.
The kobold is moderately wounded.
The kobold closely misses you. The kobold completely misses you.
You hit the kobold.
You feel better.
The kobold is moderately wounded.
The kobold hits you with the +8 woodcutter's axe {vorpal}! x2
* * * LOW HITPOINT WARNING * * *
You die...

#######.####
...........#
...........#
...........#
..........##
##########.#
##≈≈≈≈# ##)#
#≈≈≈≈≈≈###.)#
.....≈≈..K@.#
......≈≈....#
..≈≈....≈...#
.≈..≈≈..≈...#
.≈....≈≈....#
.(≈≈⌠.......#
...⌠≈≈......#
≈≈....≈....##
..≈≈..≈....#


You could see a kobold.

Vanquished Creatures
  An ogre (D:3)
  Natasha (D:2)
  An adder (D:2)
  2 endoplasms (D:2)
  5 goblins
  4 hobgoblins
  4 jackals (D:2)
  2 kobolds
  2 quokkas
  A ball python (D:1)
  4 bats
  A quokka skeleton (D:2)
  4 rats
32 creatures vanquished.

Notes
Turn   | Place    | Note
-------+----------+-------------------------------------------
     0 | D:1      | inmateoo the Gnoll Earth Elementalist began the quest for
                  | the Orb.
     0 | D:1      | Reached XP level 1. HP: 13/13 MP: 6/6
    13 | D:1      | Found a faded altar of an unknown god.
   503 | D:1      | Reached XP level 2. HP: 19/19 MP: 7/7
   747 | D:2      | Reached XP level 3. HP: 19/25 MP: 5/9
   896 | D:2      | Found a runed translucent door.
   897 | D:2      | Noticed Crazy Yiuf
  1067 | D:2      | Reached skill level 5 in Spellcasting
  1101 | D:2      | Noticed Sigmund
  1133 | D:1      | Learned a level 2 spell: Passwall
  1137 | D:1      | Learned a level 3 spell: Stone Arrow
  1187 | D:3      | Found a shadowy altar of Dithmenos.
  1528 | D:3      | Noticed an ogre
  1555 | D:3      | Killed an ogre
  1556 | D:3      | Reached skill level 1 in Fighting
  1556 | D:3      | Reached skill level 1 in Short Blades
  1556 | D:3      | Reached skill level 1 in Long Blades
  1556 | D:3      | Reached skill level 1 in Axes
  1556 | D:3      | Reached skill level 1 in Maces & Flails
  1556 | D:3      | Reached skill level 1 in Polearms
  1556 | D:3      | Reached skill level 1 in Staves
  1556 | D:3      | Reached skill level 1 in Slings
  1556 | D:3      | Reached skill level 1 in Bows
  1556 | D:3      | Reached skill level 1 in Crossbows
  1556 | D:3      | Reached skill level 1 in Throwing
  1556 | D:3      | Reached skill level 1 in Armour
  1556 | D:3      | Reached skill level 1 in Shields
  1556 | D:3      | Reached skill level 1 in Unarmed Combat
  1556 | D:3      | Reached skill level 1 in Conjurations
  1556 | D:3      | Reached skill level 1 in Hexes
  1556 | D:3      | Reached skill level 1 in Summonings
  1556 | D:3      | Reached skill level 1 in Necromancy
  1556 | D:3      | Reached skill level 1 in Translocations
  1556 | D:3      | Reached skill level 1 in Fire Magic
  1556 | D:3      | Reached skill level 1 in Ice Magic
  1556 | D:3      | Reached skill level 1 in Air Magic
  1556 | D:3      | Reached skill level 1 in Poison Magic
  1556 | D:3      | Reached skill level 1 in Invocations
  1556 | D:3      | Reached skill level 1 in Evocations
  1556 | D:3      | Reached XP level 4. HP: 32/32 MP: 0/11
  1556 | D:3      | Reached XP level 5. HP: 37/37 MP: 0/12
  2180 | D:2      | Noticed Natasha
  2191 | D:2      | Killed Natasha
  2204 | D:2      | HP: 1/37 [kobold (13)]
  2204 | D:2      | Slain by a kobold

Illustrated notes

Levels and vault maps discovered:
D:1:      minmay_arrival_plants_in_alcoves, layout_loops_ring,
          shapermc_ecumenical_altar_pompeii, corexii_item_surrounded_by_moat
D:2:      cheibrodos_helix_gallery, layout_basic, pf_guarded_unrand_woodcutter,
          uniq_natasha, uniq_sigmund, uniq_crazy_yiuf_cottage
D:3:      layout_loops_ring, nicolae_dithmenos_shadow_blocks

Skill      XL: |  1  2  3 |
---------------+----------+-----
Transmutations | 2 |  2.4
Spellcasting   | 5 |  5.2
Fighting       | 1 |  1.4
Short Blades   | 1 |  1.4
Long Blades    | 1 |  1.4
Axes           | 1 |  1.4
Maces & Flails | 1 |  1.4
Polearms       | 1 |  1.4
Staves         | 1 |  1.4
Slings         | 1 |  1.4
Bows           | 1 |  1.4
Crossbows      | 1 |  1.4
Throwing       | 1 |  1.4
Armour         | 1 |  1.4
Shields        | 1 |  1.4
Unarmed Combat | 1 |  1.4
Conjurations   | 1 |  1.1
Hexes          | 1 |  1.1
Summonings     | 1 |  1.1
Necromancy     | 1 |  1.1
Translocations | 1 |  1.1
Fire Magic     | 1 |  1.1
Ice Magic      | 1 |  1.1
Air Magic      | 1 |  1.1
Poison Magic   | 1 |  1.1
Invocations    | 1 |  1.6
Evocations     | 1 |  1.4
Dodging        | |  4.8
Stealth        | |  4.4
Earth Magic    | |  5.5

Action                   |  1- 3 |  4- 6 || total
-------------------------+-------+-------++-------
Melee: Club              |     9 |       ||     9
       Hand axe          |    86 |    28 ||   114
       Bite              |     5 |     4 ||     9
       Punch             |     1 |     1 ||     2
 Cast: Sandblast         |    13 |     2 ||    15
       Stone Arrow       |     1 |       ||     1
  Use: Scroll            |     4 |       ||     4
 Stab: Sleeping          |     2 |     2 ||     4
Armor: Robe              |    10 |     6 ||    16
Dodge: Dodged            |   104 |    47 ||   151

Table legend: (Time is in decaauts)
 A = Elapsed time spent in this place.
 B = Non-inter-level travel time spent in this place.
 C = Inter-level travel time spent in this place.
 D = Time resting spent in this place.
 E = Time spent auto-exploring this place.
 F = Levels seen in this place.
 G = Mean time per level.
                   A        B        C        D        E       F      G
               +--------+--------+--------+--------+--------+-----+--------+
         Total |   2249 |   2178 |     71 |    563 |   1170 |   3 |  749.7 |
       Dungeon |   2249 |   2178 |     71 |    563 |   1170 |   3 |  749.7 |
               +--------+--------+--------+--------+--------+-----+--------+

Top non-repeatable levels by time:
     D:3: 949 daAuts
     D:2: 722 daAuts
     D:1: 576 daAuts
